 Dungeon Crawl Stone Soup version 0.20-a0-893-g832831a (webtiles) character file.

975 4thArraOfDagon the Poker (level 7, 6/50 HPs)
             Began as a Mummy Warper on Mar 17, 2017.
             Was a Believer of Cheibriados.
             Quit the game on level 7 of the Dungeon.
             The game lasted 00:16:10 (5195 turns).

4thArraOfDagon the Poker (Mummy Warper)             Turns: 5195, Time: 00:16:11

Health: 6/50       AC:  7    Str: 20    XL:     7   Next: 95%
Magic:  9/11       EV: 14    Int: 20    God:    Cheibriados [**....]
Gold:   216        SH:  0    Dex: 18    Spells: 5/11 levels left

rFire    . . .     SeeInvis .   n - +1 whip (freeze)
rCold    + + .     Gourm    .   o - +2 robe of the Evening Star {rF+}
rNeg     + + +     Faith    .   (no shield)
rPois    ∞         Spirit   .   (no helmet)
rElec    .         Reflect  .   (no cloak)
rCorr    .         Harm     +   (no gloves)
MR       .....                  (no boots)
Stlth    ++........             k - amulet of harm
Regen    0.2/turn               d - ring of protection from cold
MPRegen  0.2/turn               h - +3 ring of protection

@: very slow
A: no food or potions, fire vulnerability, cold resistance 1, negative energy
resistance 3, torment resistance, unbreathing
a: Bend Time, Renounce Religion


You were on level 7 of the Dungeon.
You worshipped Cheibriados.
Cheibriados was pleased with you.
You were not hungry.

You visited 2 branches of the dungeon, and saw 9 of its levels.
You also visited: Ossuary.

You collected 216 gold pieces.

Inventory:

Hand Weapons
 a - a +0 spear
 n - a +1 whip of freezing (weapon)
Armour
 b - a +0 leather armour
 f - a +0 plate armour
 o - the +2 robe of the Evening Star (worn) {rF+}
   (You found it on level 6 of the Dungeon)

   It protects you from fire.
Jewellery
 d - a ring of protection from cold (right hand)
 e - an uncursed ring of teleportation
 h - a +3 ring of protection (left hand)
 k - an amulet of harm (around neck)
Scrolls
 g - 5 scrolls of remove curse
 i - a scroll of amnesia {unknown}
 j - a scroll of enchant armour {unknown}
 l - 3 scrolls of identify {unknown}
 m - 2 scrolls of immolation {unknown}
 p - a scroll of recharging {unknown}
 q - a scroll of fear {unknown}
Books
 c - a book of Spatial Translocations

   Spells                             Type                      Level
   a - Blink                          Translocation                2
   b - Shroud of Golubria             Charms/Translocation         2
   c - Lesser Beckoning               Translocation                3
   d - Gell's Gravitas                Translocation                3
   e - Teleport Other                 Translocation                3
   f - Passage of Golubria            Translocation                4


   Skills:
 - Level 2.0 Fighting
 * Level 5.1 Polearms
 - Level 3.2 Throwing
 + Level 2.6 Armour
 + Level 3.2 Dodging
 - Level 2.6 Spellcasting
 - Level 2.4 Translocations
 + Level 2.5 Invocations


You had 5 spell levels left.
You knew the following spells:

 Your Spells              Type           Power        Failure   Level  Hunger
a - Blink                 Tloc           N/A          10%         2    N/A
b - Passage of Golubria   Tloc           N/A          58%         4    N/A

Dungeon Overview and Level Annotations

Branches:
Dungeon (8/15)             Temple (1/1) D:5
   Lair: D:8-11

Altars:
Ashenzari
Cheibriados
Dithmenos
Kikubaaqudgha
Makhleb
Qazlal
Ru
Sif Muna
Uskayaw
Vehumet
Zin

Annotations:
D:2 Sigmund
D:4 Grinder
D:6 Soeti's ghost, novice CeFi


Innate Abilities, Weirdness & Mutations

You do not eat or drink.
Your flesh is vulnerable to fire.
You are immune to poison.
Your flesh is cold resistant. (rC+)
You are immune to negative energy. (rN+++)
You are immune to unholy pain and torment.
You can survive without breathing.


Message History

Unknown command.
You closely miss the killer bee.
The killer bee is moderately wounded.
The killer bee closely misses you. The leopard gecko misses you.
The wight hits you with an enchanted morningstar!
* * * LOW HITPOINT WARNING * * *
The killer bee barely misses you.
Unknown command.
Unknown command.
Unknown command.
You closely miss the killer bee.
The killer bee is moderately wounded.
The leopard gecko bites you.
* * * LOW HITPOINT WARNING * * *
The killer bee closely misses you.
Unknown command.
Unknown command.
Unknown command.
Unknown command.
Are you sure you want to abandon this character and quit the game? (Confirm with "yes".)

# #.##.##.# #.............. #
#.##.##.######...#####......
###.##.##.##.).........#....#.
.........>....................
##.###.#.###.....%.....#.. ...
##!###...# #####z..z...... #.
##.......# #..z#####..
######.## #l..# . #.# #@z.#
#<# ####y#########.# #.#
#..............$ #.#
#.##.##.#####.## ..# # #.##.#
.... #...../# #.###
.........## #. #.####$.## #.
..##


You could see a killer bee, 4 wights and a leopard gecko.

Vanquished Creatures
  3 bullfrogs
  3 scorpions
  A wight (D:7)
  2 crimson imps
  A jelly (D:7)
  A bullfrog skeleton (D:4)
  4 hounds
  2 orc wizards
  5 worker ants
  Ijyb (D:2)
  5 adders
  A worm (D:3)
  4 dart slugs
  3 leopard geckos
  12 orcs
  A ball python (D:2)
  6 bats
  6 giant cockroaches
  8 goblins
  5 hobgoblins
  2 jackals (D:2)
  3 quokkas
  8 frilled lizards
  10 kobolds
  9 rats
106 creatures vanquished.

Notes
Turn   | Place    | Note
-------+----------+-------------------------------------------
     0 | D:1      | 4thArraOfDagon the Mummy Warper began the quest for the Orb.
     0 | D:1      | Reached XP level 1. HP: 16/16 MP: 4/4
     0 | D:1      | Noticed a black draconian
     1 | D:1      | Noticed a tentacled monstrosity
     3 | D:1      | Noticed an iron dragon
     5 | D:1      | Noticed an iron dragon
     6 | D:1      | Noticed a tentacled monstrosity
     8 | D:1      | Noticed a tentacled monstrosity
    10 | D:1      | Noticed an iron dragon
    14 | D:1      | Noticed an iron dragon
    14 | D:1      | Noticed a tentacled monstrosity
    16 | D:1      | Noticed an iron dragon
    16 | D:1      | Noticed an ice dragon
    16 | D:1      | Noticed a shadow dragon
    18 | D:1      | Noticed an orb of fire
    18 | D:1      | Noticed a shadow dragon
    38 | D:2      | Noticed Ijyb
    74 | D:2      | Reached skill level 2 in Polearms
    74 | D:2      | Reached skill level 1 in Throwing
   131 | D:3      | Reached XP level 2. HP: 21/22 MP: 5/5
   150 | D:3      | Noticed a sky beast
   366 | D:3      | Reached XP level 3. HP: 21/27 MP: 7/7
   455 | D:4      | Learned a level 2 spell: Blink
   512 | D:5      | Entered Level 5 of the Dungeon
   689 | D:5      | Found a staircase to the Ecumenical Temple.
   715 | Temple   | Entered the Ecumenical Temple
   740 | Temple   | Became a worshipper of Cheibriados the Contemplative
   777 | D:4      | Found a sand-covered staircase.
   791 | Ossuary  | Entered an ossuary
   840 | D:4      | Noticed Grinder
   840 | D:4      | Paralysed by Grinder for 7 turns
  1211 | D:6      | Reached skill level 1 in Armour
  1211 | D:6      | Reached XP level 4. HP: 26/33 MP: 8/8
  1225 | D:7      | Noticed a bullfrog
  1346 | D:6      | Noticed an ice beast
  1489 | D:5      | Learned a level 4 spell: Passage of Golubria
  1584 | D:6      | Noticed Soeti's ghost (novice CeFi)
  1803 | D:5      | Reached skill level 3 in Polearms
  1803 | D:5      | Reached XP level 5. HP: 15/38 MP: 9/9
  2037 | D:4      | Noticed an ogre
  2170 | D:2      | Killed Ijyb
  2170 | D:2      | Reached skill level 1 in Invocations
  2360 | D:1      | Found a shattered altar of Ashenzari.
  2373 | D:1      | Reached * piety under Cheibriados
  3228 | D:2      | Noticed Sigmund
  3590 | D:3      | Found a sacrificial altar of Ru.
  3742 | D:4      | Reached XP level 6. HP: 24/44 MP: 10/10
  4226 | D:5      | Reached ** piety under Cheibriados
  4343 | D:5      | Reached skill level 4 in Polearms
  4549 | D:6      | Reached XP level 7. HP: 50/50 MP: 11/11
  4636 | D:6      | Got an ichor-stained robe
  4647 | D:6      | Identified the +2 robe of the Evening Star {rF+} (You found it on level 6 of the Dungeon)
  4673 | D:6      | Found a shadowy altar of Dithmenos.
  4949 | D:7      | Reached skill level 5 in Polearms
  5195 | D:7      | Quit the game

Vault maps used:
D:1:      shiori_arrival_whats_in_store_for_you, nicolae_ashenzari_panopticon
D:2:      yredelemnul_forgotten_temple_becter, uniq_iyjb, uniq_sigmund
D:3:      minmay_roachtagon, nicolae_ru_awakened_eye, first_bread
D:4:      enter_ossuary_1, kennysheep_path_1, uniq_grinder
D:5:      minmay_temple_entry_butterflies
D:6:      serial_bayou_lagoon_a, nicolae_dithmenos_the_darkroom
D:8:      grunt_temple_overflow_open, lemuel_coloured_pillars_altar,
          lair_entry_dummy, uniq_grum, uniq_pikel
Temple:   regret_index_temple_sphere_string
Ossuary:  ossuary_the_hunt_dpeg

Skill      XL: |  1  2  3  4  5  6  7 |
---------------+----------------------+-----
Polearms       | 2 3 4 5 |  5.1
Throwing       | 1 2 3 |  3.2
Dodging        | 2 3 |  3.2
Armour         | 1 2 |  2.6
Invocations    | 1 2 |  2.5
Fighting       | |  2.0
Spellcasting   | |  2.6
Translocations | |  2.4

Action                   |  1- 3 |  4- 6 |  7- 9 || total
-------------------------+-------+-------+-------++-------
Melee: Spear             |   175 |   167 |     7 ||   349
       Whip              |       |   214 |   100 ||   314
Throw: Tomahawk          |       |     5 |       ||     5
Invok: Bend Time         |       |     1 |     1 ||     2
  Use: Scroll            |     4 |     6 |       ||    10
 Stab: Sleeping          |       |       |     1 ||     1
Armor: Leather armour    |    14 |       |       ||    14
       Plate armour      |   102 |   268 |     8 ||   378
       Robe              |       |       |    27 ||    27
Dodge: Dodged            |    59 |   100 |    88 ||   247
